 Dungeon Crawl Stone Soup version 0.18.1-5-g4a78601 (webtiles) character file.

3185 Goblin1989 the Basher (level 9, -3/54 HPs)
             Began as a Gargoyle Gladiator on May 11, 2016.
             Was an Initiate of Gozag.
             Slain by a komodo dragon (20 damage)
             ... on level 8 of the Dungeon.
             The game lasted 00:19:42 (6721 turns).

Goblin1989 the Basher (Gargoyle Gladiator)          Turns: 6721, Time: 00:19:42

Health: -3/54      AC: 17    Str: 22    XL:     9   Next: 95%
Magic:  9/9        EV:  8    Int:  9    God:    Gozag
Gold:   194        SH:  0    Dex: 10    Spells: 0 memorised, 8 levels left

rFire  . . .     SeeInvis .     a - +3 flail
rCold  . . .     Gourm    .     C - +0 chain mail
rNeg   + . .     Faith    .     (no shield)
rPois  ∞         Spirit   .     c - +0 helmet
rElec  +         Dismiss  .     p - +0 cloak (curse)
rCorr  .         Reflect  .     (no gloves)
SustAt .         Harm     .     (no boots)
MR     .....                    (no amulet)
Stlth  ..........               (no ring)
                                (no ring)

@: not resistant to hostile enchantments, extremely unstealthy
A: negative energy resistance 1, electricity resistance, unbreathing,
petrification resistance, rot immunity, AC +5
a: Potion Petition, Call Merchant, Bribe Branch, Renounce Religion


You were on level 8 of the Dungeon.
You worshipped Gozag.
Gozag was noncommittal.
You were not hungry.

You visited 1 branch of the dungeon, and saw 8 of its levels.

You collected 895 gold pieces.
You spent 335 gold pieces at shops.
You paid 366 gold pieces to Gozag.

Inventory:

Hand Weapons
 a - a +3 flail (weapon)
Missiles
 d - 3 throwing nets (quivered)
Armour
 c - a +0 helmet (worn)
 p - a cursed +0 cloak (worn)
 C - a +0 chain mail (worn)
Jewellery
 m - an uncursed ring of ice
Wands
 B - a wand of slowing (28/48)
Scrolls
 e - 3 scrolls of fog
 h - 4 scrolls of enchant armour
 k - 2 scrolls of recharging
 s - 3 scrolls of teleportation
 t - 2 scrolls of immolation
 v - a scroll of noise
 x - 4 scrolls of remove curse
 y - a scroll of blinking {unknown}
 A - a scroll of identify
Potions
 b - 2 potions of haste
 g - a potion of flight
 i - a potion of invisibility
 j - a potion of agility
 l - a potion of lignification
 n - 8 potions of curing
 o - a potion of might
 q - a potion of resistance {unknown}
 r - a potion of heal wounds
 u - a potion of berserk rage
 w - a potion of magic
 z - a potion of degeneration
Comestibles
 f - 5 bread rations


   Skills:
 + Level 5.4 Fighting
 * Level 11.9 Maces & Flails
 - Level 1.7 Throwing
 + Level 5.2 Armour
 - Level 2.4 Dodging


You had 8 spell levels left.
You didn't know any spells.

Dungeon Overview and Level Annotations

Branches:
Dungeon (8/15)             Temple (0/1) D:5
   Lair: D:8-11

Altars:
Elyvilon
Gozag
Nemelex Xobeh
Okawaru
Qazlal
Ru
Sif Muna
Trog
Vehumet
Yredelemnul

Shops:
D:4 ?   D:5 }   D:8 }

Annotations:
D:2 1 runed door, Sigmund


Innate Abilities, Weirdness & Mutations

You are resistant to torment.
Your stone body is resilient (AC +5).
You are immune to poison.
You resist negative energy.
You are resistant to electric shocks.
You can survive without breathing.
You are immune to petrification.
You are immune to rotting.


Message History

[a] - 550 gold - resistance, invisibility and agility [b] - 810 gold - resistance, might, haste and flight [c] - 325 gold - heal wounds and magic Purchase which effect?
You no longer have enough gold to petition Gozag for potion effects.
You feel much better. Magic courses through your body.
The komodo dragon bites you but does no damage.
You regained 14 hp, and now have 19/54 hp.
You barely miss the komodo dragon.
The komodo dragon bites you but does no damage.
Unknown command.
You closely miss the komodo dragon.
Unknown command.
You hit the komodo dragon but do no damage.
The komodo dragon bites you.
You take 2 damage, and have 17/54 hp.
Unknown command.
You sock the komodo dragon! The komodo dragon bites you!!
You die...
Your body crumbles into a pile of gold.

#.........#
##.......
###.......#
...........#
#####......#
##....># ####### ###
######.#####
#...l@.....##
........###....##
###
......####..##..####
##.# .###.#
#######...###... ##
####...### #####


You could see a komodo dragon.

Vanquished Creatures
  Grinder (D:6)
  Menkaure (D:6)
  A hippogriff (D:7)
  A water moccasin (D:5)
  Duvessa (D:5)
  2 orc warriors
  3 ice beasts
  An ogre (D:7)
  A crocodile (D:8)
  2 giant frogs
  Dowan (D:5)
  3 scorpions
  5 killer bees (D:8)
  3 wights (D:7)
  2 howler monkeys (D:4)
  A crimson imp (D:5)
  A giant frog zombie (D:7)
  A centaur zombie (D:5)
  A human zombie (D:2)
  A jelly (D:5)
  A quasit (D:7)
  A centaur skeleton (D:5)
  7 orc wizards
  2 hounds
  2 orc priests
  3 iguanas
  10 worker ants
  A killer bee zombie (D:6)
  A sheep (D:6)
  3 hound zombies
  A hound skeleton (D:6)
  A worker ant zombie (D:6)
  7 gnolls
  7 adders
  An ooze (D:3)
  An adder zombie (D:6)
  An adder skeleton (D:4)
  A dart slug (D:1)
  5 giant geckos
  20 orcs
  3 giant cockroaches
  4 goblins
  3 hobgoblins
  3 ball pythons
  2 bats
  6 giant newts
  4 kobolds
  2 rats
136 creatures vanquished.

Notes
Turn   | Place    | Note
--------------------------------------------------------------
     0 | D:1      | Goblin1989 the Gargoyle Gladiator began the quest for the Orb.
     0 | D:1      | Reached XP level 1. HP: 12/12 MP: 1/1
   307 | D:1      | Reached XP level 2. HP: 17/17 MP: 2/2
   678 | D:2      | Reached skill level 4 in Maces & Flails
   678 | D:2      | Reached XP level 3. HP: 18/21 MP: 3/3
   680 | D:2      | Found a runed door.
   680 | D:2      | Noticed a human
   683 | D:2      | Found a basalt altar of Yredelemnul.
   714 | D:2      | Reached XP level 4. HP: 14/26 MP: 4/4
  1014 | D:2      | Noticed Sigmund
  1329 | D:3      | Reached skill level 5 in Maces & Flails
  1675 | D:4      | Reached XP level 5. HP: 24/30 MP: 5/5
  1789 | D:4      | Found Omaicyde's Magic Scroll Boutique.
  1811 | D:4      | Reached skill level 6 in Maces & Flails
  1837 | D:4      | Found a stormy altar of Qazlal.
  1839 | D:4      | Found a radiant altar of Vehumet.
  1839 | D:4      | Found a white marble altar of Elyvilon.
  1839 | D:4      | Found an opulent altar of Gozag.
  1866 | D:4      | Reached XP level 6. HP: 32/35 MP: 6/6
  1877 | D:4      | Reached skill level 7 in Maces & Flails
  1881 | D:4      | Found a sparkling altar of Nemelex Xobeh.
  1966 | D:4      | Became a worshipper of Gozag Ym Sagoz the Greedy
  2113 | D:4      | Found an iron altar of Okawaru.
  2374 | D:5      | Entered Level 5 of the Dungeon
  2417 | D:5      | Noticed Dowan
  2420 | D:5      | Noticed Duvessa
  2428 | D:5      | ololoev: yo goblolo
  2429 | D:5      | Goblin1989: hi
  2436 | D:5      | Wingboner: У меня демон унылый.
  2437 | D:5      | Reached XP level 7. HP: 18/40 MP: 7/7
  2453 | D:5      | Wingboner: Я б его может даже дропнул, но стрик.
  2457 | D:5      | Killed Duvessa
  2457 | D:5      | Reached skill level 8 in Maces & Flails
  2465 | D:5      | Killed Dowan
  2672 | D:5      | Found a staircase to the Ecumenical Temple.
  2817 | D:5      | Found a sacrificial altar of Ru.
  2826 | D:5      | Goblin1989: рю сука
  2826 | D:5      | ololoev: дай угадаю, рога, демоник гардиан, фоул стенч, слайми грин скейлз?
  2826 | D:5      | Goblin1989: пораньше появиться не мог!ъ
  3005 | D:5      | Found Tuofuvam's Gadget Shoppe.
  3034 | D:5      | Reached skill level 9 in Maces & Flails
  3054 | D:5      | Wingboner: Рога, гадина, тонкий скелет, найтсталкер, +хп.
  3054 | D:5      | Reached XP level 8. HP: 26/44 MP: 8/8
  3194 | D:5      | ololoev: точно, отнский скелет круче слайми грина по рейтингу отстоя
  3194 | D:5      | ololoev: лол
  3194 | D:5      | ololoev: как я мог написать отонский
  3194 | D:5      | Wingboner: Я в итоге решил сделать статую-самонера.
  3194 | D:5      | ololoev: я писал тонкий
  3227 | D:5      | ololoev: сотонский скелет!!
  3232 | D:5      | ololoev: !!!
  3232 | D:5      | Wingboner: Потому что статуе тонкий скелет норм.
  3435 | D:5      | Reached skill level 10 in Maces & Flails
  3736 | D:6      | Goblin1989: да ладно тебе
  3736 | D:6      | Goblin1989: статую ты решил качать потому что ты всегда статую качаешь :)
  3736 | D:6      | Wingboner: Кек.
  3736 | D:6      | Wingboner: Ты не подписан?
  3736 | D:6      | Goblin1989: кстати, не у тебы случайно был минотавр со статуей?
  3736 | D:6      | Goblin1989: куда подписан?
  3736 | D:6      | Wingboner: Да у меня какой только хрени со статуей не было.
  3736 | D:6      | Wingboner: На бота.
  3736 | D:6      | Goblin1989: не
  3736 | D:6      | Wingboner: Чтоб не в ирке запросы писать, а прямо тут.
  3736 | D:6      | Goblin1989: нафиг он не нужен
  3736 | D:6      | Goblin1989: пользоваться все равно не умею
  3800 | D:6      | Wingboner: 65 games for Xenobreeder (status=statue-form): 23x Octopode, 8x Demonspawn, 6x Troll, 5x Vine Stalker, 4x Demigod, 3x Felid, 2x Tengu, 2x Formicid, Vampire, Purple Draconian, Merfolk, Deep Elf, Green Draconian, Gargoyle, Grey Draconian, Spriggan, Naga, Kobold, Mottled Draconian, Minotaur
  3823 | D:6      | ololoev: отстой
  3823 | D:6      | ololoev: бежал кнопками
  3823 | D:6      | ololoev: нарвался на шейкшифтера в форме сияющего глаза
  3828 | D:6      | ololoev: теперь я совладал со своей магией :(
  3837 | D:6      | ololoev: спеллпавер где мой?
  3842 | D:6      | Wingboner: Лол.
  3845 | D:6      | ololoev: падлы!
  3862 | D:6      | ololoev: а норм, шторм все равно на 8#
  4007 | D:6      | Wingboner: Он тебе только подмигнул, и ты потерял свою магическую силу!
  4098 | D:6      | ololoev: юху!!!
  4133 | D:5      | ololoev: обидевшись на этого педа я пожрал еще мутагена
  4140 | D:4      | Wingboner: Лол.
  4162 | D:4      | ololoev: ю позесс эн эксепшонал кларити оф майнд!
  4162 | D:4      | ololoev: вукадий, я иду к тебе!
  4162 | D:4      | Bought a scroll of identify for 22 gold pieces
  4162 | D:4      | Bought a scroll of identify for 22 gold pieces
  4162 | D:4      | Bought a scroll of identify for 22 gold pieces
  4162 | D:4      | Bought a scroll of identify for 22 gold pieces
  4162 | D:4      | Bought a scroll of fog for 22 gold pieces
  4162 | D:4      | Bought a scroll of teleportation for 33 gold pieces
  4162 | D:4      | Bought a scroll of remove curse for 33 gold pieces
  4162 | D:4      | ololoev: осталось негра вкачать и перекатиться к хлебу
  4162 | D:4      | Bought a scroll of enchant armour for 82 gold pieces
  4162 | D:4      | Bought a scroll of noise for 11 gold pieces
  4162 | D:4      | Bought a scroll of random uselessness for 11 gold pieces
  4162 | D:4      | Bought a scroll of remove curse for 33 gold pieces
  4162 | D:4      | Bought a scroll of fog for 22 gold pieces
  4522 | D:6      | Reached skill level 1 in Armour
  4556 | D:6      | Noticed Menkaure
  4566 | D:6      | ololoev: казулятор!
  4566 | D:6      | ololoev: надо делать слоу энд стеди!
  4566 | D:6      | ololoev: III
  4566 | D:6      | Wingboner: Напомни, что там.
  4570 | D:6      | Killed Menkaure
  4587 | D:6      | Found a deep blue altar of Sif Muna.
  4588 | D:6      | ololoev: 4-streak
  4588 | D:6      | Wingboner: Постараюсь.
  4849 | D:6      | Noticed Grinder
  4862 | D:6      | Killed Grinder
  4862 | D:6      | Reached XP level 9. HP: 39/52 MP: 9/9
  4896 | D:6      | Found a bloodstained altar of Trog.
  4901 | D:6      | Wingboner: Фублин, чуть не влип в титаника.
  4903 | D:6      | Reached skill level 11 in Maces & Flails
  5174 | D:6      | Wingboner: Спасибо Чеи за абилку разтитанивателя.
  5312 | D:6      | Goblin1989: ^D
  5312 | D:6      | Goblin1989: :D
  6062 | D:7      | Reached skill level 5 in Fighting
  6488 | D:8      | Reached skill level 5 in Armour
  6655 | D:8      | Found Dotall's Gadget Shop.
  6703 | D:8      | Noticed a komodo dragon
  6721 | D:8      | Slain by a komodo dragon

Skill      XL: |  1  2  3  4  5  6  7  8  9 |
---------------+----------------------------+-----
Maces & Flails | 4 5 6 7 9 10 11 | 11.9
Armour         | 2 5 |  5.2
Fighting       | 3 5 |  5.4
Throwing       | |  1.7
Dodging        | |  2.4

Action                   |  1- 3 |  4- 6 |  7- 9 || total
-------------------------+-------+-------+-------++-------
Melee: Flail             |    73 |   175 |   439 ||   687
Throw: Throwing net      |       |       |     1 ||     1
Invok: Potion Petition   |       |       |     2 ||     2
  Use: Potion            |       |     2 |     1 ||     3
       Scroll            |       |       |    11 ||    11
 Stab: Invisible         |       |     7 |     8 ||    15
       Distracted        |       |     1 |       ||     1
       Paralysed         |       |       |     3 ||     3
  Eat: Chunk             |       |     4 |     1 ||     5
       Meat ration       |       |     1 |       ||     1
       Beef jerky        |       |       |     2 ||     2
       Royal jelly       |       |       |     1 ||     1
       Bread ration      |       |       |     1 ||     1
Armor: Leather armour    |    15 |       |       ||    15
       Ring mail         |    19 |    78 |   173 ||   270
       Chain mail        |       |       |    40 ||    40
Dodge: Dodged            |    39 |   137 |   227 ||   403
